 Dungeon Crawl Stone Soup version 0.18.1-6-gd335043 (webtiles) character file.

61 Kenran the Insei (level 4, -5/23 HPs)
             Began as a Vine Stalker Monk on May 20, 2016.
             Slain by Crazy Yiuf
             ... wielding a +3 quarterstaff of chaos
              (6 damage)
             ... on level 2 of the Dungeon.
             The game lasted 00:06:09 (1741 turns).

Kenran the Insei (Vine Stalker Monk)                Turns: 1741, Time: 00:06:10

Health: -5/23      AC:  0    Str: 14    XL:     4   Next: 7%
Magic:  0/5        EV: 20    Int: 10    God:
Gold:   95         SH:  0    Dex: 17    Spells: 0 memorised, 3 levels left

rFire  . . .     SeeInvis .       - Unarmed
rCold  . . .     Gourm    .     (armour currently unavailable)
rNeg   . . .     Faith    .     (shield currently unavailable)
rPois  .         Spirit   +     (helmet currently unavailable)
rElec  .         Dismiss  .     (cloak currently unavailable)
rCorr  .         Reflect  .     (gloves currently unavailable)
SustAt .         Harm     .     (boots currently unavailable)
MR     .....                    (amulet currently unavailable)
Stlth  ++........               (ring currently unavailable)
                                (ring currently unavailable)

@: porcupine-form, drained, quick, not resistant to hostile enchantments,
unstealthy
A: (fangs 0), regeneration 1, magic shield, (antimagic bite), no device heal 3,
rot immunity
a: no special abilities


You were on level 2 of the Dungeon.
You were hungry.
You were a spiny porcupine.
You visited 1 branch of the dungeon, and saw 2 of its levels.

You collected 95 gold pieces.

Inventory:

Armour
 g - a +0 chain mail (melded)
 o - a cursed +0 pair of gloves (melded)
Jewellery
 t - an uncursed ring of ice {unknown}
Scrolls
 a - a scroll of immolation {unknown}
 c - a scroll of teleportation {unknown}
 e - 2 scrolls of identify {unknown}
 i - a scroll of enchant armour {unknown}
 n - a scroll of remove curse {unknown}
 p - a scroll of random uselessness {unknown}
 q - a scroll of enchant weapon {unknown}
 s - a scroll of recharging {unknown}
Potions
 f - a potion of curing {unknown}
 h - a potion of cancellation {unknown}
 j - a potion of cure mutation {unknown}
 k - a potion of agility
 l - 2 potions of degeneration {unknown}
 m - 4 potions of mutation {unknown}
 r - a potion of resistance {unknown}
 u - a potion of haste {unknown}
Comestibles
 b - 2 bread rations


   Skills:
 - Level 2.6(2.3) Fighting
 - Level 2.4(2.1) Dodging
 - Level 2.4(2.1) Stealth
 + Level 5.5(5.1) Unarmed Combat


You had 3 spell levels left.
You didn't know any spells.

Dungeon Overview and Level Annotations

Branches:
Dungeon (2/15)

Altars:

Annotations:
D:2 Crazy Yiuf


Innate Abilities, Weirdness & Mutations

((You have extremely sharp teeth.))
Your natural rate of healing is unusually fast.
When hurt, damage is shared between your health and your magic reserves.
((Your bite disrupts and absorbs the magic of your enemies.))
Potions and wands cannot restore your health.
You are immune to rotting.


Message History

Crazy Yiuf is heavily wounded.
Crazy Yiuf hits you but does no damage.
You turn into a spiny porcupine.
Your cursed +0 pair of gloves melds into your body.
Your +0 chain mail melds into your body.
You hit Crazy Yiuf.
Crazy Yiuf is heavily wounded.
You hit Crazy Yiuf.
Crazy Yiuf is severely wounded.
Crazy Yiuf misses you.
You barely miss Crazy Yiuf.
Crazy Yiuf is severely wounded.
Crazy Yiuf hits you with a quarterstaff of chaos!
You feel drained.
You closely miss Crazy Yiuf.
Crazy Yiuf is severely wounded.
Crazy Yiuf laughs, "Lay!
Ten bush childish."
Crazy Yiuf hits you with a quarterstaff of chaos!
* * * LOW HITPOINT WARNING * * *
Crazy Yiuf freezes you.
You die...

................#...#.#.#.##.....
........###..####...#...#.##.....
......<.+...........#.#.#.##.....
...#....####..####..#.....##....)
...#................#.#......##..
...'....#####.####.##.###########
...##........)<# #.##.# #
#####))....##..###.##.# #
#...........rg..#.# #
######'#'#.###..##..#.# #
#...)...............#.# #
#..........####.....#.#
..........######....#.#
..####.#............#.# ######
..# #.##########...#.######.....
..####.#............#.....)......
..#........#######>#########.....


You could see Crazy Yiuf.

Vanquished Creatures
  2 adders (D:2)
  A worm (D:2)
  4 bats
  4 giant cockroaches
  7 goblins
  5 hobgoblins
  3 kobolds
  3 giant newts (D:1)
  10 rats
39 creatures vanquished.

Notes
Turn   | Place    | Note
--------------------------------------------------------------
     0 | D:1      | Kenran the Vine Stalker Monk began the quest for the Orb.
     0 | D:1      | Reached XP level 1. HP: 11/11 MP: 2/2
   257 | D:1      | Reached XP level 2. HP: 16/16 MP: 3/3
   864 | D:2      | Reached XP level 3. HP: 18/19 MP: 2/4
   892 | D:2      | Reached skill level 5 in Unarmed Combat
  1410 | D:2      | Reached XP level 4. HP: 22/23 MP: 5/5
  1596 | D:2      | Noticed Crazy Yiuf
  1741 | D:2      | HP: 1/23 [Crazy Yiuf/quarterstaff of chaos (8)]
  1741 | D:2      | Slain by Crazy Yiuf

Skill      XL: |  1  2  3 |
---------------+----------+-----
Unarmed Combat | 5 |  5.5
Fighting       | |  2.6
Dodging        | |  2.4
Stealth        | |  2.4

Action                   |  1- 3 |  4- 6 || total
-------------------------+-------+-------++-------
Melee: Unarmed           |   120 |    20 ||   140
       Bite              |    21 |     3 ||    24
       Punch             |     1 |     1 ||     2
  Eat: Chunk             |     2 |       ||     2
Armor: Chain mail        |    67 |     6 ||    73
       Robe              |     3 |       ||     3
Dodge: Dodged            |    38 |     3 ||    41
